 Dungeon Crawl Stone Soup version 0.30.1-11-g7821555f0a (webtiles) character file.

Game seed: 3744000882022595461

30047 Ijustatesigmund the Fighter (level 13, 0/90 HPs)
             Began as a Gargoyle Fighter on Nov 2, 2023.
             Was a High Priest of Vehumet.
             Slain by a six-headed hydra (4 damage)
             ... on level 14 of the Dungeon.
             The game lasted 00:39:53 (16139 turns).

Ijustatesigmund the Fighter (Gargoyle Fighter)     Turns: 16139, Time: 00:39:53

Health: 0/90       AC: 31    Str: 20    XL:     13   Next: 49%
Magic:  13/23      EV:  9    Int: 26    God:    Vehumet [*****.]
Gold:   1145       SH: 10    Dex:  9    Spells: 15/26 levels left

rFire   + + +        D - +10 flail of the Wheel {heavy, *Rage rF+++ rN++}
rCold   + . .        c - +2 kite shield
rNeg    + + +        I - +6 scale mail of Vexation {Will+ rCorr Int+3 Stlth+}
rPois   ∞            a - +0 helmet {Int+3}
rElec   +            s - +0 cloak
rCorr   +            o - +2 pair of gloves
SInv    .            p - +1 pair of boots
Will    +....        x - amulet of regeneration
Stlth   +            n - ring of wizardry
HPRegen 1.15/turn    r - ring "Beuguc" {rElec rC+ Int+6}
MPRegen 0.18/turn

%: random rage (20%), wizardry (x1)
@: on berserk cooldown, slowed, very slow
A: sickness immunity, AC +9, negative energy resistance 1, electricity
resistance, torment resistance 1, petrification resistance
a: Renounce Religion


You were on level 14 of the Dungeon.
You worshipped Vehumet.
Vehumet was extremely pleased with you.
You visited 2 branches of the dungeon, and saw 15 of its levels.

You collected 1647 gold pieces.
You spent 502 gold pieces at shops.

Inventory:

Hand Weapons
 k - a +4 flail of electrocution
 D - the +10 flail of the Wheel (weapon) {heavy, *Rage rF+++ rN++}
   (You found it on level 11 of the Dungeon)

   rF:        It renders you almost immune to fire.
   rN:        It greatly protects you from negative energy.
   *Rage:     It berserks you when you make melee attacks (+20% chance).
Missiles
 C - 3 throwing nets (quivered)
Armour
 a - a +0 helmet of intelligence (worn)
 b - +0 acid dragon scales
 c - a +2 kite shield (worn)
 o - a +2 pair of gloves (worn)
 p - a +1 pair of boots (worn)
 s - a +0 cloak (worn)
 I - the +6 scale mail of Vexation (worn) {Will+ rCorr Int+3 Stlth+}
   (You found it on level 12 of the Dungeon)

   Int:       It affects your intelligence (+3).
   rCorr:     It protects you from acid and corrosion.
   Will:      It increases your willpower.
   Stlth:     It makes you more stealthy.
Jewellery
 n - a ring of wizardry (left hand)
 r - the ring "Beuguc" (right hand) {rElec rC+ Int+6}
   (You took it off a hobgoblin on level 3 of the Dungeon)

   [ring of intelligence]

   Int:       It affects your intelligence (+6).
   rC:        It protects you from cold.
   rElec:     It insulates you from electricity.
 x - an amulet of regeneration (around neck)
 H - the ring "Qenur" {rCorr MP+9}
   (You took it off a frost giant on level 12 of the Dungeon)

   [ring of magical power]

   MP:        It affects your magic capacity (+9).
   rCorr:     It protects you from acid and corrosion.
Wands
 g - a wand of flame (18)
 m - a wand of polymorph (6)
 t - a wand of charming (1)
 y - a wand of iceblast (5)
Scrolls
 d - 2 scrolls of enchant weapon
 e - 2 scrolls of identify
 h - a scroll of teleportation
 q - a scroll of blinking
 v - a scroll of magic mapping
 A - 2 scrolls of fear
Potions
 f - 4 potions of attraction
 i - a potion of curing
 j - 2 potions of flight
 l - a potion of ambrosia
 u - a potion of brilliance
 w - a potion of cancellation
 z - a potion of resistance
 B - 2 potions of lignification
 F - a potion of magic
 G - a potion of mutation


   Skills:
 + Level 14.0 Fighting
 - Level 10.2 Maces & Flails
 + Level 6.3 Armour
 - Level 4.1 Dodging
 - Level 5.2 Shields
 - Level 7.1 Spellcasting
 - Level 7.1 Conjurations
 - Level 5.6 Translocations
 - Level 7.8 Earth Magic
 - Level 3.0 Evocations


You had 15 spell levels left.
You knew the following spells:

 Your Spells              Type           Power      Damage    Failure   Level
a - Stone Arrow           Conj/Erth      96%        3d13      1%          3
b - Iskenderun's Mystic   Conj/Tloc      42%        2d10      3%          4
c - Blink                 Tloc           76%        N/A       2%          2
d - Lesser Beckoning      Tloc           76%        N/A       2%          2

Your spell library contained the following spells:

 Spells                   Type           Power      Damage    Failure   Level
 Iskenderun's Battlesphe  Conj           46%        2d10      7%          5
 Momentum Strike          Conj/Tloc      84%        3d10      1%          2
 Hailstorm                Conj/Ice       27%        3d7       3%          3
 Freeze                   Ice            36%        1d5       4%          1
 Passwall                 Tmut/Erth      24%        N/A       4%          2
 Poisonous Vapours        Pois/Air       18%        N/A       7%          2
 Frozen Ramparts          Ice            18%        1d3       12%         3
 Vhi's Electric Charge    Tloc/Air       46%        N/A       14%         3
 Sting                    Tmut/Pois      36%        1d4       16%         1
 Ensorcelled Hibernation  Hex/Ice        18%        N/A       22%         2
 Arcjolt                  Conj/Air       13%        1d23      24%         5
 Olgreb's Toxic Radiance  Pois           9%         N/A       34%         4
 Swiftness                Air            9%         N/A       38%         3
 Summon Forest            Summ/Tloc      11%        N/A       75%         5
 Eringya's Noxious Bog    Tmut/Pois      4%         N/A       98%         6
 Plasma Beam              Fire/Air       4%         2x1d16    98%         6
 Summon Hydra             Summ           4%         N/A       100%        7


Dungeon Overview and Level Annotations

Branches:
Dungeon (14/15)            Temple (1/1) D:4            Lair (0/5) D:9
    Orc (0/2) D:10         Vaults (0/5) D:13

Altars:
Ashenzari
Cheibriados
Dithmenos
Elyvilon
Fedhas
Gozag
Hepliaklqana
Kikubaaqudgha
Makhleb
Nemelex Xobeh
Okawaru
Qazlal
Ru
Sif Muna
Trog
Uskayaw
Vehumet
Wu Jian
Xom
Yredelemnul
Zin
The Shining One

Shops:
D:3 (*   D:4 !   D:10 [

Annotations:
D:12 1 transporter, 3 runed translucent doors, kalagan's ghost, journeyman DECj


Innate Abilities, Weirdness & Mutations

You are immune to sickness and miasma.
Your stone body is resilient. (AC +9)
You are immune to poison.
You resist negative energy. (rN+)
You are resistant to electric shocks. (rElec)
You are resistant to unholy torment.
You are immune to petrification.


Message History

You erupt in a blast of force!
The mystic blast hits the six-headed hydra!
The six-headed hydra is moderately wounded.
The mystic blast hits the skeletal warrior!
The skeletal warrior is severely damaged.
The skeletal warrior is knocked back by the mystic blast.
You block the six-headed hydra's attack.
The six-headed hydra closely misses you.
The six-headed hydra bites you but does no damage. x3
The six-headed hydra bites you. The six-headed hydra bites you!
You block the six-headed hydra's attack.
The six-headed hydra completely misses you.
The six-headed hydra bites you but does no damage.
You block the six-headed hydra's attack.
The six-headed hydra closely misses you.
You block the six-headed hydra's attack.
The six-headed hydra bites you but does no damage.
The six-headed hydra bites you!
The six-headed hydra bites you but does no damage.
You block the six-headed hydra's attack.
The six-headed hydra bites you but does no damage.
The skeletal warrior hits you but does no damage.
Casting: Iskenderun's Mystic Blast (dangerous; 3% risk of failure)
Confirm with . or Enter, or press ? or * to list all spells.
Aiming: Stone Arrow (safe; 1% risk of failure)
Press: ? - help, Shift-Dir - straight line, f - skeletal warrior
Aim: a skeletal warrior, wielding a +0 dire flail (severely damaged, 76% to hit)
The stone arrow hits the skeletal warrior!
The skeletal warrior is almost destroyed.
The six-headed hydra bites you.
You block the six-headed hydra's attack.
The six-headed hydra bites you but does no damage. x4
The skeletal warrior hits you with a +0 dire flail!
* * * LOW HITPOINT WARNING * * *
The six-headed hydra bites you!
* * * LOW HITPOINT WARNING * * *
The six-headed hydra bites you but does no damage.
You block the six-headed hydra's attack. x2
The six-headed hydra bites you.
You die...

#######+####+##
..............#
..............#
........D.....#
.......@z.....+
..............#
...##...##....#
. #...# ...#
..... ..#
...... .#
....... #
.........


You could see a six-headed hydra and a skeletal warrior.

Vanquished Creatures
  A frost giant (D:12)
  An ettin (D:12)
  A yaktaur captain (D:12)
  Harold (D:11)
  2 vault guards (D:13)
  2 centaur warriors (D:13)
  A satyr (shapeshifter) (D:12)
  2 boulder beetles
  4 two-headed ogres
  A deep troll earth mage (D:12)
  6 skeletal warriors
  A deep elf pyromancer (D:12)
  5 ugly things
  2 cyclopes (D:12)
  3 centaur zombies (D:10)
  A manticore (D:12)
  2 unseen horrors
  A yaktaur (D:12)
  2 gargoyles
  A kobold demonologist (D:12)
  2 unseen horror zombies (D:10)
  A komodo dragon (D:12)
  A tengu conjurer (D:13)
  4 trolls (D:12)
  A meliai zombie (D:10)
  5 slime creatures
  2 vampires
  A wraith (D:12)
  14 yaks
  A shadow (D:12)
  A wyvern (D:7)
  Grum (D:8)
  2 steam dragons
  4 vampire mosquitoes (D:10)
  An acid dragon (D:12)
  2 water moccasins (D:7)
  3 ice beasts
  An orc warrior (D:8)
  2 sky beasts (D:7)
  2 black bears (D:8)
  2 centaurs
  4 wolves (D:7)
  3 ogres
  5 kobold brigands
  4 bullfrogs
  5 scorpions
  3 necrophages (D:10)
  4 wights (D:6)
  8 killer bees
  3 electric eels (D:10)
  6 howler monkeys
  A human zombie (D:10)
  2 jellies
  3 orc priests
  3 hounds
  An iguana (D:4)
  Jessica (D:3)
  Natasha (D:3)
  10 orc wizards
  2 mummies (D:10)
  Robin (D:3)
  4 gnolls
  7 adders
  2 shadow imps (D:7)
  A white imp (D:5)
  3 ufetubi
  3 worms
  23 orcs
  7 ball pythons
  7 endoplasms
  2 giant cockroaches
  16 goblins
  10 hobgoblins
  2 jackals (D:1)
  9 quokkas
  3 bats
  31 kobolds
  8 rats
301 creatures vanquished.

Vanquished Creatures (others)
  A deep elf pyromancer (D:13)
  An orc wizard (D:11)
2 creatures vanquished.

Grand Total: 303 creatures vanquished

Notes
Turn   | Place    | Note
-------+----------+-------------------------------------------
     0 | D:1      | Ijustatesigmund the Gargoyle Fighter began the quest for
                  | the Orb.
     0 | D:1      | Reached XP level 1. HP: 14/14 MP: 1/1
    66 | D:1      | Reached XP level 2. HP: 13/19 MP: 2/2
   222 | D:1      | Found a faded altar of an unknown god.
  1255 | D:2      | Reached XP level 3. HP: 24/24 MP: 3/3
  1288 | D:2      | Reached skill level 4 in Fighting
  1512 | D:2      | Reached XP level 4. HP: 29/29 MP: 4/4
  1924 | D:3      | Found Pullaco's Assorted Antiques.
  1950 | D:3      | Bought a bubbling golden potion for 25 gold pieces
  1950 | D:3      | Bought a scroll labelled BEIRANLOIF for 28 gold pieces
  2045 | D:3      | Noticed Robin
  2048 | D:3      | Killed Robin
  2067 | D:4      | Identified the +6 sling of Precise Incision {flame, +Blink
                  | rN+}
  2167 | D:4      | Reached XP level 5. HP: 30/34 MP: 5/5
  2329 | D:4      | Reached skill level 5 in Fighting
  2509 | D:4      | Found a staircase to the Ecumenical Temple.
  2516 | Temple   | Entered the Ecumenical Temple
  2708 | Temple   | Became a worshipper of Vehumet
  2952 | D:4      | Found Vinoysor's Distillery.
  2964 | D:4      | Bought a potion of curing for 30 gold pieces
  3124 | D:3      | Found Pyttoc Zeri's Weapon Boutique.
  3176 | D:3      | Identified the ring "Beuguc" {rElec rC+ Int+6}
  3188 | D:3      | Identified a scroll of acquirement
  3188 | D:3      | Acquired 960 gold pieces
  3239 | D:3      | Noticed Natasha
  3244 | D:3      | Killed Natasha
  3368 | D:3      | Reached XP level 6. HP: 40/40 MP: 6/6
  3434 | D:3      | Noticed Jessica
  3444 | D:3      | Killed Jessica
  3754 | D:5      | Entered Level 5 of the Dungeon
  4160 | D:5      | Reached * piety under Vehumet
  4160 | D:5      | Offered knowledge of Shock by Vehumet.
  4162 | D:5      | Reached skill level 1 in Spellcasting
  4528 | D:5      | Reached skill level 6 in Fighting
  4528 | D:5      | Reached skill level 5 in Maces & Flails
  4528 | D:5      | Reached XP level 7. HP: 45/46 MP: 9/9
  4876 | D:6      | Reached XP level 8. HP: 47/52 MP: 12/12
  4914 | D:6      | Reached skill level 7 in Fighting
  5741 | D:7      | Reached skill level 1 in Dodging
  5866 | D:7      | Reached ** piety under Vehumet
  5866 | D:7      | Offered knowledge of Foxfire by Vehumet.
  5965 | D:7      | Reached skill level 8 in Fighting
  5965 | D:7      | Reached XP level 9. HP: 49/59 MP: 15/15
  6589 | D:7      | Found a white marble altar of Elyvilon.
  6704 | D:7      | Reached skill level 9 in Fighting
  7213 | D:8      | Offered knowledge of Volatile Blastmotes by Vehumet.
  7233 | D:8      | Noticed Grum
  7651 | D:8      | Killed Grum
  7710 | D:8      | Noticed Maurice
  7830 | D:8      | Maurice changed into Maurice the howler monkey
  7830 | D:8      | Noticed Maurice
  7836 | D:8      | Killed Maurice the howler monkey
  7860 | D:8      | Reached *** piety under Vehumet
  8025 | D:8      | Reached XP level 10. HP: 45/67 MP: 16/16
  8435 | D:8      | Reached skill level 10 in Fighting
  8595 | D:8      | Noticed a two-headed ogre
  8600 | D:8      | Killed a two-headed ogre
  8601 | D:8      | Reached skill level 5 in Shields
  8927 | D:9      | Reached skill level 1 in Evocations
  8999 | D:8      | Offered knowledge of Stone Arrow by Vehumet.
  9210 | D:9      | Found a staircase to the Lair.
  9431 | D:10     | Entered Level 10 of the Dungeon
  9800 | D:10     | Reached skill level 11 in Fighting
  9860 | D:10     | Learned a level 3 spell: Stone Arrow
  9966 | D:10     | Found a staircase to the Orcish Mines.
 10030 | D:10     | Reached skill level 1 in Conjurations
 10030 | D:10     | Reached skill level 1 in Earth Magic
 10035 | D:10     | Reached XP level 11. HP: 49/74 MP: 17/17
 10304 | D:10     | Found Piuptoyco's Armour Boutique.
 10323 | D:10     | Bought a +0 helmet of intelligence for 172 gold pieces
 10323 | D:10     | Bought a +2 kite shield for 247 gold pieces
 10659 | D:10     | Found a basalt altar of Yredelemnul.
 10693 | D:10     | Reached **** piety under Vehumet
 10768 | D:10     | Reached skill level 5 in Earth Magic
 10774 | D:10     | Offered knowledge of Iskenderun's Mystic Blast by Vehumet.
 10780 | D:10     | Learned a level 4 spell: Iskenderun's Mystic Blast
 10783 | D:10     | Learned a level 2 spell: Blink
 10904 | D:11     | Noticed a skeletal warrior
 10904 | D:11     | Noticed a skeletal warrior
 10904 | D:11     | Noticed a skeletal warrior
 10904 | D:11     | Noticed a skeletal warrior
 10942 | D:10     | Killed a skeletal warrior
 10943 | D:10     | Reached skill level 5 in Conjurations
 11041 | D:10     | HP: 2/74 [skeletal warrior/+0 dire flail (9)]
 11045 | D:10     | Killed a skeletal warrior
 11046 | D:10     | Reached skill level 1 in Translocations
 11314 | D:10     | Killed a skeletal warrior
 11321 | D:11     | Killed a skeletal warrior
 11531 | D:11     | Noticed a boulder beetle
 11551 | D:11     | Killed a boulder beetle
 11915 | D:11     | Noticed Harold
 11928 | D:11     | Killed Harold
 11929 | D:11     | Reached skill level 5 in Spellcasting
 12144 | D:11     | Identified the +10 flail of the Wheel {heavy, *Rage rF+++
                  | rN++}
 12156 | D:11     | Reached XP level 12. HP: 80/80 MP: 20/20
 13100 | D:12     | Found a transporter.
 13102 | D:12     | Noticed kalagan's ghost (journeyman DECj)
 13313 | D:12     | Noticed a boulder beetle
 13322 | D:12     | Killed a boulder beetle
 13323 | D:12     | Reached skill level 5 in Translocations
 13403 | D:12     | Noticed a two-headed ogre
 13664 | D:12     | Reached skill level 10 in Maces & Flails
 13807 | D:12     | Found a runed translucent gate.
 13807 | D:12     | Found a runed translucent gate.
 13807 | D:12     | Found a runed translucent gate.
 13821 | D:12     | Killed a two-headed ogre
 13833 | D:12     | Noticed an ettin
 13975 | D:12     | Noticed a two-headed ogre
 13977 | D:12     | Identified the ring "Qenur" {rCorr MP+9}
 13977 | D:12     | Noticed a frost giant
 13978 | D:12     | Noticed a yaktaur captain
 13985 | D:12     | Killed a two-headed ogre
 14027 | D:12     | Noticed a deep troll earth mage
 14057 | D:12     | Noticed a satyr
 14071 | D:12     | Noticed a two-headed ogre
 14089 | D:12     | Killed a two-headed ogre
 14290 | D:12     | Learned a level 2 spell: Lesser Beckoning
 14300 | D:12     | Found a runed translucent gate.
 14300 | D:12     | Found a runed translucent gate.
 14300 | D:12     | Found a runed translucent gate.
 14461 | D:12     | Noticed a storm dragon
 14469 | D:12     | a storm dragon changed into a tyrant leech
 14870 | D:12     | Killed a yaktaur captain
 15221 | D:12     | Reached skill level 12 in Fighting
 15294 | D:12     | Killed a frost giant
 15295 | D:12     | Reached XP level 13. HP: 86/87 MP: 11/23
 15396 | D:12     | Killed an ettin
 15460 | D:12     | Reached skill level 13 in Fighting
 15535 | D:12     | Identified the +6 scale mail of Vexation {Will+ rCorr Int+3
                  | Stlth+}
 15822 | D:13     | Found a gate to the Vaults.
 15822 | D:13     | Noticed a vault guard
 15822 | D:13     | Noticed a vault guard
 15822 | D:13     | Noticed a vault guard
 15822 | D:13     | Noticed a vault guard
 15830 | D:13     | Reached skill level 5 in Armour
 15832 | D:13     | Killed a vault guard
 15832 | D:13     | Reached ***** piety under Vehumet
 15838 | D:13     | Killed a vault guard
 15838 | D:13     | Offered knowledge of Iskenderun's Battlesphere by Vehumet.
 16126 | D:13     | Reached skill level 14 in Fighting
 16139 | D:14     | HP: 4/90 [six-headed hydra (8)]
 16139 | D:14     | Slain by a six-headed hydra

Illustrated notes

Levels and vault maps discovered:
D:1:      elethiomel_arrival_shortcut, layout_basic,
          hellmonk_ecumenical_altar_slurped_away, serial_forest,
          infiniplex_forest_clump_long, infiniplex_forest_clump_tiny,
          infiniplex_forest_straight_5, infiniplex_forest_lined_3
D:2:      layout_loops_ring, minmay_split_cup_small
D:3:      layout_loops_ring, serial_shops, nicolae_shop_pleasant_corner_grove,
          shop, uniq_natasha, uniq_jessica, uniq_robin
D:4:      layout_loops_cross, minmay_temple_entry_fiery, serial_shops,
          shop_fountains, chequers_jeans, kennysheep_flooded_box
D:5:      layout_basic
D:6:      layout_loops_ring
D:7:      layout_rooms, general_overflow_altar
D:8:      layout_cave_pools, kennysheep_generic_room_4, uniq_maurice, uniq_grum
D:9:      layout_rooms, due_lair_maze_entry_diamond
D:10:     nicolae_moon_pools, layout_irregular_city,
          lemuel_mausoleum_altar_yredelemnul, serial_shops,
          nicolae_shop_back_alley_shop
D:11:     layout_basic, uniq_harold
D:12:     kennysheep_treasure_stockpile, layout_irregular_city,
          gammafunk_ghost_mausoleum
D:13:     layout_basic, lightli_vaults_fourway_checkpoint
D:14:     layout_stronghold, nicolae_wu_jian_immortal_techniques
Temple:   nicolae_temple_slightly_damp_pantheon

Skill      XL: |  1  2  3  4  5  6  7  8  9 10 11 12 13 |
---------------+----------------------------------------+-----
Fighting       | 4 5 6 8 9 11 12 14 | 14.0
Maces & Flails | 3 4 5 6 8 9 10 | 10.2
Armour         | 4 6 |  6.3
Spellcasting   | 1 3 4 5 7 |  7.1
Dodging        | 1 4 |  4.1
Shields        | 5 |  5.2
Evocations     | 3 |  3.0
Conjurations   | 1 6 7 |  7.1
Earth Magic    | 1 6 7 |  7.8
Translocations | 3 5 |  5.6

Action                     |  1- 3 |  4- 6 |  7- 9 | 10-12 | 13-15 || total
---------------------------+-------+-------+-------+-------+-------++-------
  Melee: Flail             |   128 |   168 |   279 |   448 |    61 ||  1084
         Unarmed           |       |       |       |    53 |       ||    53
   Cast: Stone Arrow       |       |       |       |    34 |    12 ||    46
         Iskenderun's Myst |       |       |       |     7 |     3 ||    10
         Lesser Beckoning  |       |       |       |     1 |       ||     1
  Evoke: Wand              |       |       |     6 |     7 |     2 ||    15
    Use: Scroll            |       |    13 |     6 |    11 |     2 ||    32
         Potion            |       |       |     1 |    13 |       ||    14
 Armour: Scale mail        |    43 |       |       |       |    75 ||   118
         Chain mail        |    42 |    92 |   187 |   372 |       ||   693
         Acid dragon scale |       |       |       |   120 |     8 ||   128
  Dodge: Dodged            |    52 |    58 |   114 |   244 |    26 ||   494
  Block: Buckler           |    27 |    34 |    64 |    40 |       ||   165
         Kite shield       |       |       |       |   302 |    58 ||   360
